 Dungeon Crawl Stone Soup version 0.25-a0-731-g0472a16d6a (webtiles) character file.

Game seed: 11828393704135709693, levelgen mode: deterministic

905 Hastur the Artisan of Death (level 7, 0/68 HPs)
             Began as a Pale Draconian Wizard on Apr 9, 2020.
             Was a Priest of Kikubaaqudgha.
             Slain by Pikel
             ... wielding a +0 whip of freezing
              (3 damage)
             ... on level 3 of the Dungeon.
             The game lasted 00:22:03 (6854 turns).

Hastur the Artisan of Death (Pale Draconian Wizard) Turns: 6854, Time: 00:22:05

Health: 0/68       AC:  6    Str:  9    XL:     7   Next: 80%
Magic:  0/13       EV: 12    Int: 20    God:    Kikubaaqudgha [***...]
Gold:   114        SH:  0    Dex: 10    Spells: 3/14 levels left

rFire    . . .     SeeInvis .   l - +0 dagger
rCold    . . .     Gourm    .   (no shield)
rNeg     . . .     Faith    .   (armour unavailable)
rPois    .         Spirit   .   a - +0 hat
rElec    .         Reflect  .   (no cloak)
rCorr    .         Harm     .   (no gloves)
MR       .....                  (no boots)
Stlth    +++.......             (no amulet)
HPRegen  0.21/turn              g - ring of stealth
MPRegen  0.13/turn              p - ring of wizardry

@: slowed, very slow
A: breathe steam, unfitting armour, cold-blooded, AC +6
a: Breathe Steam, Receive Corpses, Renounce Religion


You were on level 3 of the Dungeon.
You worshipped Kikubaaqudgha.
Kikubaaqudgha was most pleased with you.
You were near starving.

You visited 2 branches of the dungeon, and saw 5 of its levels.

You collected 114 gold pieces.

Inventory:

Hand Weapons
 b - a +1 hunting sling of flaming
 j - a +0 short sword
 l - a +0 dagger (weapon)
Missiles
 d - 139 stones (quivered)
Armour
 a - a +0 hat (worn)
Jewellery
 g - a ring of stealth (left hand)
 p - a ring of wizardry (right hand)
Wands
 u - a wand of random effects (24)
Scrolls
 i - a scroll of fear {unknown}
 k - a scroll of random uselessness {unknown}
 m - 2 scrolls of remove curse
 n - a scroll of enchant armour {unknown}
 s - a scroll of fog {unknown}
 v - a scroll of identify
 x - a scroll of teleportation {unknown}
Potions
 e - 2 potions of magic
 f - a potion of stabbing
 h - a potion of flight {unknown}
 o - a potion of berserk rage
 q - a potion of heal wounds
 r - 2 potions of might
 w - 2 potions of curing
 z - a potion of cancellation {unknown}
Comestibles
 c - 6 rations


   Skills:
 - Level 8.2 Fighting
 + Level 2.4 Dodging
 - Level 1.7 Stealth
 + Level 4.2 Spellcasting
 - Level 4.0 Conjurations
 - Level 2.0 Summonings
 - Level 10.1 Necromancy
 - Level 1.0 Translocations
 - Level 3.0 Air Magic


You had 3 spell levels left.
You knew the following spells:

 Your Spells              Type           Power        Failure   Level  Hunger
a - Magic Dart            Conj           ###.         1%          1    None
b - Call Imp              Summ           ##......     3%          2    #......
c - Blink                 Tloc           N/A          5%          2    #......
d - Mephitic Cloud        Conj/Pois/Air  ##......     6%          3    ###....
e - Vampiric Draining     Necr           #####.....   1%          3    ###....

Your spell library contained the following spells:

 Spells                   Type           Power        Failure   Level  Hunger
 Pain                     Necr           ####         1%          1    None
 Corpse Rot               Necr/Air       N/A          1%          2    #......
 Sublimation of Blood     Necr           #####.....   1%          2    #......
 Conjure Flame            Conj/Fire      ##......     7%          3    ###....
 Slow                     Hex            #.......     8%          2    #......
 Animate Dead             Necr           N/A          1%          4    ####...
 Dispel Undead            Necr           #####...     1%          4    ####...
 Agony                    Necr           #####...     2%          5    ######.
 Excruciating Wounds      Chrm/Necr      ###.......   17%         5    ######.
 Simulacrum               Ice/Necr       ###.......   65%         6    #######


Dungeon Overview and Level Annotations

Branches:
Dungeon (4/15)             Temple (1/1) D:4

Altars:
Ashenzari
Cheibriados
Dithmenos
Elyvilon
Fedhas
Gozag
Hepliaklqana
Kikubaaqudgha
Makhleb
Nemelex Xobeh
Okawaru
Qazlal
Ru
Sif Muna
Trog
Uskayaw
Vehumet
Wu Jian
Xom
Yredelemnul
Zin
The Shining One

Annotations:
D:3 3 runed translucent doors, Pikel; kelmiir's ghost, amateur GnFi


Innate Abilities, Weirdness & Mutations

You can breathe blasts of scalding, opaque steam.
Your pale cyan-grey scales are hard. (AC +6)
You cannot fit into any form of body armour.
You are cold-blooded and may be slowed by cold attacks.


Message History

Your white imp hits Pikel.
Your white imp freezes Pikel.
Casting: Call Imp (safe; 3% risk of failure)
Confirm with . or Enter, or press ? or * to list all spells.
Aiming: Magic Dart (safe; 1% risk of failure)
Press: ? - help, Shift-Dir - straight line, f - Pikel
Aim: Pikel, wielding a +0 whip of freezing and wearing a +0 robe (severely wounded)
The magic dart hits Pikel.
Pikel is severely wounded.
Pikel hits you with a +0 whip of freezing.
* * * LOW HITPOINT WARNING * * *
You feel as though you will be slow longer.
Pikel freezes you.
* * * LOW HITPOINT WARNING * * *
Your white imp hits Pikel.
Your white imp freezes Pikel.
Pikel hits you with a +0 whip of freezing!
* * * LOW HITPOINT WARNING * * *
You feel as though you will be slow longer.
Pikel freezes you.
You die...
Kikubaaqudgha rasps: "You have failed me!
Welcome... death!"

#..##.###### #.# #...#
#######......####.## ##.##
#.8∩8.######.......# #.#
∩.$$..Z# ##...##...## #.#
8..8$$8###..........#######.#
..$_.$.##...................#
#$ggW.####.....##..##########
##+++### ##..>###..# .......#
##..5K@..# ###.#### ######.##
#.# #.# #.# #.# ##########
#.# #.# #........# #.# #.#
#.######.# #.########### #.#
#.# #.# #.....).....#
#.####.#### #.#
#######.###.###.........# #.#


You could see Pikel and a friendly white imp.

Vanquished Creatures
  A phantom (D:4)
  A slave (D:4)
  A scorpion (D:4)
  4 orc wizards
  2 orc priests (D:4)
  Natasha (D:2)
  3 worker ants
  Robin (D:4)
  A gnoll (D:2)
  9 adders
  An adder skeleton (D:4)
  A worm (D:4)
  3 dart slugs
  A leopard gecko (D:4)
  7 orcs
  8 bats
  2 giant cockroaches
  16 goblins
  5 hobgoblins
  3 jackals (D:1)
  9 kobolds
  2 quokkas
  3 frilled lizards
  8 rats
93 creatures vanquished.

Vanquished Creatures (collateral kills)
  An orc priest (D:3)
  A hound (D:4)
  Natasha (D:2)
  A worker ant (D:2)
  3 gnolls (D:2)
  A leopard gecko (D:4)
  5 orcs
  A giant cockroach (D:4)
  A goblin (D:4)
  2 hobgoblins
  A quokka (D:3)
  A jackal skeleton (D:4)
19 creatures vanquished.

Grand Total: 112 creatures vanquished

Notes
Turn   | Place    | Note
-------+----------+-------------------------------------------
     0 | D:1      | Hastur the Draconian Wizard began the quest for the Orb.
     0 | D:1      | Reached XP level 1. HP: 14/14 MP: 4/4
   280 | D:1      | Reached skill level 1 in Fighting
   361 | D:1      | Reached XP level 2. HP: 20/23 MP: 1/6
  1281 | D:1      | Learned a level 2 spell: Call Imp
  2052 | D:2      | Reached XP level 3. HP: 29/29 MP: 3/7
  2333 | D:2      | Found a faded altar of an unknown god.
  2444 | D:2      | Reached XP level 4. HP: 36/36 MP: 1/8
  2639 | D:2      | Learned a level 2 spell: Blink
  2643 | D:2      | Learned a level 3 spell: Mephitic Cloud
  2657 | D:2      | Noticed Natasha
  2665 | D:2      | Killed Natasha
  2743 | D:2      | Became a worshipper of Kikubaaqudgha
  2743 | D:2      | Reached * piety under Kikubaaqudgha
  2743 | D:2      | Identified Kikubaaqudgha's Handbook of Unholy Rites
                  | (Kikubaaqudgha gifted it to you on level 2 of the Dungeon)
  2743 | D:2      | Received a gift from Kikubaaqudgha
  2922 | D:2      | Found a sacrificial altar of Ru.
  2956 | D:2      | Reached XP level 5. HP: 41/41 MP: 1/10
  3143 | D:2      | Noticed Natasha
  3147 | D:2      | Killed Natasha
  3147 | D:2      | Reached skill level 1 in Air Magic
  3994 | D:3      | Reached ** piety under Kikubaaqudgha
  4127 | D:3      | Learned a level 3 spell: Vampiric Draining
  4172 | D:3      | Reached XP level 6. HP: 48/48 MP: 4/11
  4518 | D:3      | Found a runed translucent gate.
  4518 | D:3      | Found a runed translucent gate.
  4518 | D:3      | Found a runed translucent gate.
  4520 | D:3      | Found an opulent altar of Gozag.
  4524 | D:3      | Noticed kelmiir's ghost (amateur GnFi)
  4700 | D:3      | Found a shadowy altar of Dithmenos.
  4897 | D:4      | Reached skill level 10 in Necromancy
  4897 | D:4      | Your scales start taking on a pale cyan-grey colour.
  4897 | D:4      | Reached XP level 7. HP: 68/68 MP: 12/12
  5097 | D:4      | Noticed Robin
  5118 | D:4      | Killed Robin
  5551 | D:4      | Found a staircase to the Ecumenical Temple.
  5558 | Temple   | Entered the Ecumenical Temple
  5812 | D:4      | Reached *** piety under Kikubaaqudgha
  5812 | D:4      | Identified Kikubaaqudgha's Catalogue of Black Magic
                  | (Kikubaaqudgha gifted it to you on level 4 of the Dungeon)
  5812 | D:4      | Received a gift from Kikubaaqudgha
  6580 | D:4      | Noticed Pikel
  6854 | D:3      | HP: 3/68 [Pikel/+0 whip of freezing (9)]
  6854 | D:3      | Slain by Pikel

Levels and vault maps discovered:
D:1:      wheals_arrival_linesprint, layout_loops_ring
D:2:      layout_loops_cross, first_ration, chequers_ecumenical_altar_island,
          nicolae_ru_great_annihilating_truth, uniq_natasha
D:3:      layout_loops_corners, lemuel_coloured_pillars_altar,
          ebering_ghost_gozag
D:4:      layout_cave_pods, minmay_temple_entry_wispy, uniq_pikel, uniq_duvessa,
          uniq_robin
Temple:   nicolae_temple_the_god_donut

Skill      XL: |  1  2  3  4  5  6  7 |
---------------+----------------------+-----
Fighting       | 1 2 8 |  8.2
Conjurations   | 2 3 4 |  4.0
Summonings     | 2 |  2.0
Air Magic      | 2 3 |  3.0
Necromancy     | 10 | 10.1
Dodging        | 2 |  2.4
Spellcasting   | 4 |  4.2
Stealth        | |  1.7
Translocations | |  1.0

Action                   |  1- 3 |  4- 6 |  7- 9 || total
-------------------------+-------+-------+-------++-------
Melee: Dagger            |       |    14 |    53 ||    67
       Tailslap          |       |     2 |     2 ||     4
Throw: Stone             |     4 |       |       ||     4
 Cast: Magic Dart        |    98 |   103 |    91 ||   292
       Call Imp          |     1 |    16 |    24 ||    41
       Mephitic Cloud    |       |     1 |     2 ||     3
       Vampiric Draining |       |       |     2 ||     2
 Abil: Breathe Steam     |       |       |     2 ||     2
  Use: Scroll            |     2 |     5 |     1 ||     8
       Potion            |       |     1 |     3 ||     4
 Stab: Confused          |       |     1 |     2 ||     3
       Distracted        |       |       |     1 ||     1
  Eat: Chunk             |     4 |     8 |     6 ||    18
Armor: Skin              |    26 |    12 |    30 ||    68
Dodge: Dodged            |    36 |    28 |    64 ||   128

Table legend:
 A = Non-vault XP
 B = Vault XP
 C = Vault XP percentage of total XP
 D = Non-vault monster count
 E = Vault monster count
 F = Vault count percentage of total count
                 A         B        C        D         E       F
            +---------+---------+-------+---------+---------+-------
      Total |     819 |     100 |  10.9 |      93 |      18 |  16.2
            +---------+---------+-------+---------+---------+-------
        D:1 |      32 |       0 |   0.0 |      16 |       0 |   0.0
        D:2 |     144 |      67 |  31.8 |      24 |       5 |  17.2
        D:3 |     159 |       0 |   0.0 |      27 |       0 |   0.0
        D:4 |     484 |      33 |   6.4 |      26 |      13 |  33.3
            +---------+---------+-------+---------+---------+-------
